 Dungeon Crawl Stone Soup version 0.17-a0-1638-g2ccaed7 (console) character file.

270 Monkaria the Destroyer (level 6, -1/48 HPs)
             Began as a Deep Elf Conjurer on Aug 8, 2015.
             Slain by an ogre
             ... wielding a +0 giant club
              (3 damage)
             ... on level 4 of the Dungeon.
             The game lasted 00:06:32 (3092 turns).

Monkaria the Destroyer (Deep Elf Conjurer)          Turns: 3092, Time: 00:06:32

Health: -1/48      AC: 23    Str:  5    XL:     6   Next: 1%
Magic:  0/12       EV:  2    Int: 27    God:
Gold:   67         SH:  0    Dex: 15    Spells: 3 memorised, 5 levels left

rFire  + . .     SeeInvis .     (no weapon)
rCold  + . .     Clarity  .     (armour currently unavailable)
rNeg   + + +     SustAt   .     (no shield)
rPois  +         Gourm    .     (helmet currently unavailable)
rElec  +         Spirit   .     (cloak currently unavailable)
rCorr  +         Warding  .     (gloves currently unavailable)
rMut   .         NoTele   +     (boots currently unavailable)
MR     .....                    (no amulet)
Stlth  +++.......               (no ring)
                                (no ring)

@: brilliant, tree-form, resistant, not resistant to hostile enchantments,
fairly stealthy
A: no striking features
a: no special abilities


You were on level 4 of the Dungeon.
You were not hungry.
You were a tree.
You visited 1 branch of the dungeon, and saw 4 of its levels.

You collected 67 gold pieces.

Inventory:

Hand weapons
 v - a cursed -1 blowgun
Missiles
 h - 31 poisoned needles
Armour
 j - a +2 robe of magic resistance (melded)
Jewellery
 q - an uncursed ring of poison resistance {unknown}
Magical devices
 r - a wand of random effects (16)
Scrolls
 d - 2 scrolls of enchant armour {unknown}
 e - 3 scrolls of identify {unknown}
 f - 2 scrolls of teleportation {unknown}
 i - 3 scrolls of random uselessness {unknown}
 l - a scroll of blinking {unknown}
 m - a scroll of noise {unknown}
 n - a scroll of amnesia {unknown}
 o - a scroll of recharging {unknown}
 t - 2 scrolls of magic mapping {unknown}
 u - a scroll of remove curse {unknown}
Books
 b - a book of Conjurations

   Spells                             Type                      Level
   a - Magic Dart                     Conjuration                  1
   b - Searing Ray                    Conjuration                  2
   c - Dazzling Spray                 Conjuration/Hexes            3
   d - Fulminant Prism                Conjuration/Hexes            4
   e - Iskenderun's Mystic Blast      Conjuration                  4
   f - Iskenderun's Battlesphere      Conjuration/Charms           5
Comestibles
 c - 3 bread rations
 s - a chunk of flesh
 w - a slice of pizza
 x - a beef jerky


   Skills:
 - Level 2.4 Dodging
 - Level 2.4 Stealth
 - Level 3.0 Spellcasting
 + Level 8.0 Conjurations


You had 5 spell levels left.
You knew the following spells:

 Your Spells              Type           Power        Failure   Level  Hunger
a - Magic Dart            Conj           ####         1%          1    None
b - Searing Ray           Conj           ######       1%          2    #......
c - Dazzling Spray        Conj/Hex       #####...     1%          3    ###....


Dungeon Overview and Level Annotations

Branches:
Dungeon (4/15)
 Temple: D:4-7

Altars:
Okawaru
Ru


Message History

You feel less resistant to hostile enchantments.
Your roots penetrate the ground.
The ogre hits you with a giant club.
* * * LOW HITPOINT WARNING * * *
Drink which item? (? for menu, Esc to quit)
It was a potion of resistance.
You feel protected.
Drink which item? (? for menu, Esc to quit)
It was a potion of brilliance.
You feel clever all of a sudden. The ogre hits you with a giant club!
* * * LOW HITPOINT WARNING * * *
Casting: Magic Dart
Confirm with . or Enter, or press ? or * to list all spells.
Aiming: Magic Dart
Press: ? - help, Shift-Dir - straight line, f/p - ogre
Aim: an ogre, wielding a giant club (heavily wounded)
The magic dart hits the ogre.
The ogre is severely wounded.
The ogre hits you with a giant club.
You die...

.....
####.....##
....#
###....#
####
###..<.#####
#...÷......#
#..........#
#..........#
#..........#
#####O.#####
#♣.# ####


You could see an ogre.

Vanquished Creatures
  A hound (D:4)
  Jessica (D:2)
  A worker ant (D:4)
  7 gnolls (D:3)
  3 adders
  2 oozes
  2 worms
  An adder skeleton (D:4)
  4 giant geckos
  A ball python (D:1)
  7 goblins
  3 hobgoblins
  A quokka (D:4)
  8 bats
  A giant cockroach (D:2)
  A giant newt (D:1)
  9 kobolds
  39 rats
92 creatures vanquished.

Notes
Turn   | Place    | Note
--------------------------------------------------------------
     0 | D:1      | Monkaria the Deep Elf Conjurer began the quest for the Orb.
     0 | D:1      | Reached XP level 1. HP: 10/10 MP: 6/6
   319 | D:1      | Reached XP level 2. HP: 13/15 MP: 0/8
   576 | D:1      | Reached skill level 5 in Conjurations
   742 | D:2      | Learned a level 2 spell: Searing Ray
   863 | D:1      | Reached XP level 3. HP: 19/19 MP: 5/9
  1162 | D:2      | Noticed Jessica
  1167 | D:2      | Killed Jessica
  1167 | D:2      | Reached skill level 6 in Conjurations
  1267 | D:2      | Reached XP level 4. HP: 24/24 MP: 7/10
  1272 | D:2      | Learned a level 3 spell: Dazzling Spray
  1806 | D:3      | Found a faded altar to an unknown god.
  1894 | D:3      | Reached skill level 7 in Conjurations
  1894 | D:3      | Reached XP level 5. HP: 22/28 MP: 0/11
  2429 | D:3      | Found a sacrificial altar of Ru.
  3024 | D:4      | Found an iron altar of Okawaru.
  3062 | D:4      | Noticed an ogre
  3066 | D:4      | Reached skill level 8 in Conjurations
  3066 | D:4      | Reached XP level 6. HP: 32/32 MP: 2/12
  3091 | D:4      | HP: 2/48 [ogre/giant club (9)]
  3092 | D:4      | Slain by an ogre

Vault maps used:
D:1:      denvon_arrival_planthouse
D:2:      uniq_jessica
D:3:      lemuel_doored_altar, ecumenical_altar_1, minmay_rats_cheesy_pizza
D:4:      overflow_temple_1_default, nicolae_overflow_hidden_temple,
          nemelex_diamond_rough_becter

Action                   |  1- 3 |  4- 6 || total
-------------------------+-------+-------++-------
Melee: Unarmed           |     5 |     9 ||    14
 Cast: Magic Dart        |    56 |    83 ||   139
       Searing Ray       |     2 |    12 ||    14
  Use: Potion            |       |     5 ||     5
  Eat: Chunk             |     1 |     6 ||     7
